 Dungeon Crawl Stone Soup version 0.16.1-51-g6203257 (webtiles) character file.

70 uhvn the Sneak (level 4, -13/22 HPs)
             Began as a Vine Stalker Enchanter on July 10, 2015.
             Mangled by an ogre
             ... wielding a +0 giant club
              (15 damage)
             ... on level 3 of the Dungeon.
             The game lasted 00:08:23 (2022 turns).

uhvn the Sneak (Vine Stalker Enchanter)             Turns: 2022, Time: 00:08:23

Health: -13/22     AC:  9    Str: 15    XL:     4   Next: 21%
Magic:  0/10       EV: 12    Int: 19    God:
Gold:   72         SH:  0    Dex: 16    Spells: 2 memorised, 6 levels left

rFire  . . .     SeeInvis .     a - +1 dagger
rCold  . . .     Clarity  .     b - +1 robe
rNeg   . . .     SustAb   .     (no shield)
rPois  .         Gourm    .     (no helmet)
rElec  .         Spirit   +     (no cloak)
rCorr  .         Warding  .     (no gloves)
rMut   .         Stasis   .     e - +0 pair of boots
MR     .....                    y - amulet of inaccuracy (curse)
Stlth  +++.......               v - +5 ring of protection
                                p - +4 ring of intelligence

@: mighty, about to teleport, not resistant to hostile enchantments, fairly
stealthy
A: fangs 2, regeneration 1, magic shield, antimagic bite, no device heal 3, rot
immunity
a: no special abilities


You were on level 3 of the Dungeon.
You were hungry.

You visited 1 branch of the dungeon, and saw 3 of its levels.

You collected 72 gold pieces.

Inventory:

Hand weapons
 a - a +1 dagger (weapon)
Missiles
 i - a throwing net (quivered)
Armour
 b - a +1 robe (worn)
 e - a +0 pair of boots (worn)
Jewellery
 p - a +4 ring of intelligence (left hand)
 v - a +5 ring of protection (right hand)
 y - a cursed amulet of inaccuracy (around neck)
Scrolls
 f - 2 scrolls of identify
 j - 2 scrolls of remove curse
 k - 2 scrolls of enchant weapon
 n - a scroll of immolation {unknown}
 q - a scroll of recharging
 s - a scroll of noise {unknown}
 t - a scroll of magic mapping {unknown}
 u - a scroll of amnesia {unknown}
Potions
 m - a potion of might
 o - 2 potions of curing {unknown}
 x - 2 potions of lignification {unknown}
Books
 c - a book of Maledictions

   Spells                             Type                      Level
   a - Corona                         Hexes                        1
   b - Sure Blade                     Hexes/Charms                 2
   c - Ensorcelled Hibernation        Hexes/Ice                    2
   d - Confuse                        Hexes                        3
   e - Dazzling Spray                 Conjuration/Hexes            3
   f - Enslavement                    Hexes                        4
Comestibles
 d - a bread ration
 g - 2 meat rations
 r - a beef jerky


   Skills:
 * Level 1.2 Fighting
 * Level 2.0 Short Blades
 + Level 1.7 Dodging
 + Level 4.0 Stealth
 * Level 3.0 Spellcasting
 - Level 3.0 Hexes
 + Level 0.0 Ice Magic


You had 6 spell levels left.
You knew the following spells:

 Your Spells              Type           Power        Failure   Level  Hunger
a - Corona                Hex            ##.....      6%          1    None
b - Ensorcelled Hibernat  Hex/Ice        #.....       14%         2    ##.....


Dungeon Overview and Level Annotations

Branches:
Dungeon (3/15)

Altars:
Makhleb
Xom


Innate Abilities, Weirdness & Mutations

You have extremely sharp teeth.
Your natural rate of healing is unusually fast.
When hurt, damage is shared between your health and your magic reserves.
Your bite disrupts and absorbs the magic of your enemies.
Potions and wands cannot restore your health.
You are immune to rotting.


Message History

All of the chunks of flesh in your inventory have rotted away.
As you read the scroll labeled MNANA SYHUOLIOV, it crumbles to dust.
The scroll dissolves into smoke.
It was a scroll of fog.
The orc hits you but does no damage. The ogre barely misses you.
The orc priest barely misses you. The orc closely misses you.
As you read the scroll labeled CHOUSTREIM, it crumbles to dust.
You feel strangely unstable.
It was a scroll of teleportation.
The orc hits you but does no damage. The ogre closely misses you.
The orc priest calls down the wrath of Beogh upon you.
Something smites you!
* * * LOW HITPOINT WARNING * * *
You hear a shout!
Oops, that amulet feels deathly cold.
y - a cursed amulet of inaccuracy (around neck)
The orc hits you but does no damage. x2
It was a potion of might.
You feel very mighty all of a sudden. The orc priest closely misses you.
The ogre hits you with a giant club!
Ouch! That really hurt!
You die...

........##.##[#####...#####.##..#
...####.##.##.# #...# #.##...
#######.).....# #...# ##.##..#
#.(....#### #o..# ##...#..#
#####(###### #...###........
......# ####o.........#..#
####### #§§.o..##.#..#.#.#
#o##.#.##.#.#.###.
#####@##......(..## ##
#..hOoo§.#.##.#.#.###.
#.###§##......#....#..
#......####..##.##
###########..#### #........#
#$######.# #.# #..


You could see an ogre, an orc priest, 2 orcs and a jackal.

Vanquished Creatures
  2 adders
  A worm (D:3)
  2 giant geckos (D:2)
  2 ball pythons (D:3)
  A giant cockroach (D:3)
  9 hobgoblins
  A jackal (D:3)
  5 bats
  4 giant newts
  9 goblins
  5 kobolds
  3 quokkas
  2 rats (D:3)
46 creatures vanquished.

Notes
Turn   | Place    | Note
--------------------------------------------------------------
     0 | D:1      | uhvn, the Vine Stalker Enchanter, began the quest for the Orb.
     0 | D:1      | Reached XP level 1. HP: 9/9 MP: 3/3
   290 | D:1      | Reached skill level 1 in Short Blades
   572 | D:1      | Reached XP level 2. HP: 12/14 MP: 4/6
   843 | D:2      | Found a burning altar of Makhleb.
   844 | D:2      | Found a shimmering altar of Xom.
   864 | D:2      | Reached XP level 3. HP: 14/17 MP: 4/7
   953 | D:2      | Learned a level 2 spell: Ensorcelled Hibernation
  1377 | D:2      | Reached skill level 1 in Fighting
  1662 | D:3      | Reached skill level 4 in Stealth
  1686 | D:3      | Reached XP level 4. HP: 8/22 MP: 6/9
  1967 | D:3      | Noticed an ogre
  2020 | D:3      | HP: 1/22 [orc priest/divine providence (5)]
  2022 | D:3      | Mangled by an ogre

Action                   |  1- 3 |  4- 6 || total
-------------------------+-------+-------++-------
Melee: Dagger            |   111 |    20 ||   131
 Cast: Corona            |    24 |     4 ||    28
       Ensorcelled Hiber |     4 |       ||     4
  Use: Scroll            |       |     5 ||     5
       Potion            |       |     1 ||     1
 Stab: Sleeping          |     5 |     2 ||     7
  Eat: Chunk             |     1 |     2 ||     3
